[ AOE2 MATCH · #507197255 ]
UnrankedGeorgians vs Japanese
Player's team · WIN
Rival team · LOSS
[ REPLAY ANALYSIS · EXTRACTED FROM THE RECORDED GAME ]
Feudal
8:25
Castle
—
Imperial
—
| APM avg | 79.4 |
| APM peak | 107 |
| eAPM avg | 36.2 |
| Villagers / military | 45 / 13 |
Focus
⚔️ 55.7% · 🌾 44.3%
Skirmisher ×11 · Spearman ×2
Feudal
9:19
Castle
—
Imperial
—
| APM avg | 75.5 |
| APM peak | 142 |
| eAPM avg | 40.7 |
| Villagers / military | 34 / 17 |
Focus
⚔️ 60.2% · 🌾 39.8%
Skirmisher ×10 · Militia ×5 · Archer ×1 · Spearman ×1
Match map
Initial resources + every placement click. Lines = walls · curves = elevation contours. ◆ gold · ⬟ stone · ● berries · ✦ relic · ◌ wall gap
Your base· Open — 5t gap
No more T1LT's base· Open — 3t gap
Smoothed initial terrain · ◌ = detected wall gap · hover for details
Inputs per minute
— DS_VarVa - - No more T1LT
Build order — DS_VarVa
102 actions detected in the replay
| 0:00 | Queue | Villager (Male) |
| 0:00 | Queue | Villager (Male) |
| 0:01 | Queue | Villager (Male) |
| 0:01 | Queue | Villager (Male) |
| 0:02 | Build | House |
| 0:04 | Build | House |
| 1:10 | Queue | Villager (Male) |
| 1:56 | Queue | Villager (Male) |
| 2:03 | Queue | Villager (Male) |
| 2:42 | Queue | Villager (Male) |
| 2:42 | Queue | Villager (Male) |
| 3:04 | Queue | Villager (Male) |
| 3:15 | Queue | Villager (Male) |
| 3:24 | Build | House |
| 3:36 | Queue | Villager (Male) |
| 3:56 | Build | Mill |
| 4:06 | Queue | Villager (Male) |
| 4:26 | Queue | Villager (Male) |
| 4:35 | Queue | Villager (Male) |
| 4:50 | Research | Loom |
| 6:12 | Research | Feudal Age |
| 6:13 | Research | Feudal Age |
| 6:33 | Build | Barracks |
| 6:51 | Build | House |
| 7:25 | Build | Palisade Wall |
| 7:26 | Build | Palisade Wall |
| 7:36 | Queue | Villager (Male) |
| 8:09 | Build | House |
| 8:20 | Build | Palisade Wall |
| 8:25 | Age | Feudal Age |
| 8:31 | Queue | Villager (Male) |
| 8:33 | Build | Stable |
| 8:43 | Research | Double-Bit Axe |
| 8:44 | Research | Horse Collar |
| 8:45 | Queue | Villager (Male) |
| 8:45 | Queue | Villager (Male) |
| 8:57 | Build | Palisade Wall |
| 8:58 | Build | Palisade Wall |
| 9:08 | Queue | Villager (Male) |
| 9:11 | Build | Palisade Wall |
| 9:30 | Queue | Villager (Male) |
| 9:33 | Build | Archery Range |
| 9:41 | Build | Palisade Wall |
| 9:45 | Queue | Villager (Male) |
| 9:48 | Queue | Villager (Male) |
| 10:15 | Queue | Skirmisher |
| 10:28 | Queue | Spearman |
| 10:40 | Queue | Skirmisher |
| 10:52 | Queue | Villager (Male) |
| 10:58 | Queue | Skirmisher |
| 11:00 | Build | Farm |
| 11:06 | Build | House |
| 11:09 | Queue | Skirmisher |
| 11:16 | Queue | Skirmisher |
| 11:19 | Queue | Villager (Male) |
| 11:28 | Queue | Villager (Male) |
| 11:30 | Build | Blacksmith |
| 11:37 | Build | House |
| 11:49 | Queue | Villager (Male) |
| 11:59 | Queue | Villager (Male) |
| 12:01 | Build | House |
| 12:03 | Queue | Skirmisher |
| 12:07 | Build | Farm |
| 12:19 | Queue | Villager (Male) |
| 12:37 | Queue | Villager (Male) |
| 12:38 | Build | Farm |
| 12:40 | Build | Farm |
| 12:45 | Build | House |
| 12:52 | Queue | Villager (Male) |
| 12:52 | Queue | Villager (Male) |
| 12:53 | Queue | Villager (Male) |
| 13:01 | Build | House |
| 13:09 | Queue | Villager (Male) |
| 13:13 | Build | Palisade Wall |
| 13:23 | Queue | Villager (Male) |
| 13:27 | Build | Farm |
| 13:27 | Queue | Villager (Male) |
| 13:28 | Build | Farm |
| 13:29 | Queue | Villager (Male) |
| 13:38 | Build | House |
| 13:46 | Queue | Villager (Male) |
| 13:48 | Build | Farm |
| 13:51 | Build | House |
| 13:56 | Research | Fletching |
| 14:00 | Queue | Villager (Male) |
| 14:00 | Queue | Villager (Male) |
| 14:02 | Build | Farm |
| 14:18 | Queue | Skirmisher |
| 14:19 | Queue | Villager (Male) |
| 14:35 | Queue | Villager (Male) |
| 14:38 | Queue | Skirmisher |
| 14:38 | Queue | Spearman |
| 14:52 | Queue | Skirmisher |
| 15:03 | Queue | Villager (Male) |
| 15:21 | Queue | Villager (Male) |
| 15:30 | Queue | Skirmisher |
| 15:45 | Build | Farm |
| 15:45 | Build | Farm |
| 15:46 | Build | Farm |
| 15:51 | Queue | Villager (Male) |
| 16:00 | Queue | Skirmisher |
| 16:16 | Build | Mule Cart |
Build order — No more T1LT
97 actions detected in the replay
| 0:00 | Queue | Villager (Male) |
| 0:00 | Queue | Villager (Male) |
| 0:02 | Build | House |
| 0:04 | Build | House |
| 0:05 | Queue | Villager (Male) |
| 0:08 | Queue | Villager (Male) |
| 0:50 | Research | Loom |
| 1:25 | Queue | Villager (Male) |
| 1:47 | Queue | Villager (Male) |
| 1:57 | Build | Lumber Camp |
| 2:13 | Queue | Villager (Male) |
| 2:35 | Queue | Villager (Male) |
| 2:35 | Queue | Villager (Male) |
| 3:14 | Queue | Villager (Male) |
| 3:14 | Queue | Villager (Male) |
| 3:48 | Build | House |
| 3:58 | Queue | Villager (Male) |
| 4:11 | Queue | Villager (Male) |
| 4:25 | Queue | Villager (Male) |
| 4:26 | Build | Barracks |
| 4:34 | Queue | Villager (Male) |
| 4:52 | Queue | Villager (Male) |
| 5:25 | Build | Mill |
| 5:47 | Queue | Villager (Male) |
| 5:53 | Build | House |
| 5:57 | Build | House |
| 5:58 | Build | Palisade Wall |
| 6:07 | Research | Loom |
| 6:16 | Build | House |
| 6:44 | Queue | Villager (Male) |
| 7:06 | Research | Feudal Age |
| 7:32 | Queue | Militia |
| 7:41 | Queue | Militia |
| 7:46 | Build | Mining Camp |
| 7:53 | Build | Lumber Camp |
| 8:07 | Queue | Militia |
| 8:19 | Build | House |
| 8:20 | Build | Palisade Wall |
| 8:24 | Build | Palisade Wall |
| 8:40 | Queue | Villager (Male) |
| 9:19 | Age | Feudal Age |
| 9:31 | Build | Palisade Wall |
| 9:38 | Build | Palisade Wall |
| 9:39 | Build | Palisade Wall |
| 9:45 | Queue | Villager (Male) |
| 9:47 | Research | Double-Bit Axe |
| 9:58 | Build | Archery Range |
| 9:58 | Queue | Villager (Male) |
| 10:00 | Build | House |
| 10:15 | Queue | Spearman |
| 10:31 | Queue | Villager (Male) |
| 10:49 | Research | Horse Collar |
| 10:52 | Build | Farm |
| 11:02 | Queue | Villager (Male) |
| 11:03 | Build | Farm |
| 11:05 | Build | Farm |
| 11:18 | Queue | Villager (Male) |
| 11:25 | Queue | Archer |
| 11:32 | Queue | Skirmisher |
| 11:40 | Build | Farm |
| 11:47 | Queue | Villager (Male) |
| 11:50 | Build | Farm |
| 11:58 | Build | House |
| 12:07 | Queue | Skirmisher |
| 12:09 | Queue | Villager (Male) |
| 12:10 | Build | Farm |
| 12:13 | Queue | Skirmisher |
| 12:31 | Build | Farm |
| 12:39 | Queue | Villager (Male) |
| 12:51 | Queue | Skirmisher |
| 12:53 | Build | Farm |
| 12:55 | Build | Farm |
| 12:58 | Queue | Skirmisher |
| 13:11 | Build | House |
| 13:14 | Queue | Villager (Male) |
| 13:28 | Build | Farm |
| 13:34 | Build | Watch Tower |
| 13:37 | Queue | Villager (Male) |
| 13:53 | Build | Blacksmith |
| 13:57 | Queue | Villager (Male) |
| 14:11 | Build | House |
| 14:23 | Build | Watch Tower |
| 14:30 | Queue | Villager (Male) |
| 14:38 | Research | Fletching |
| 14:48 | Queue | Skirmisher |
| 14:58 | Queue | Skirmisher |
| 15:10 | Queue | Villager (Male) |
| 15:20 | Queue | Skirmisher |
| 15:36 | Queue | Skirmisher |
| 15:38 | Queue | Militia |
| 15:53 | Queue | Skirmisher |
| 15:54 | Queue | Militia |
| 15:58 | Queue | Villager (Male) |
| 15:58 | Queue | Villager (Male) |
| 16:00 | Build | Farm |
| 16:01 | Build | Farm |
| 16:01 | Build | Farm |
Match timeline
| 4:26 | No more T1LT · first_building Barracks |
| 5:58 | No more T1LT · wall_segment Palisade Wall x2 |
| 6:33 | DS_VarVa · first_building Barracks |
| 7:25 | DS_VarVa · wall_segment Palisade Wall x1 |
| 7:26 | DS_VarVa · wall_segment Palisade Wall x1 |
| 8:20 | DS_VarVa · wall_segment Palisade Wall x12 |
| 8:20 | No more T1LT · wall_segment Palisade Wall x4 |
| 8:24 | No more T1LT · wall_segment Palisade Wall x4 |
| 8:25 | DS_VarVa · age_up feudal |
| 8:33 | DS_VarVa · first_building Stable |
| 8:57 | DS_VarVa · wall_segment Palisade Wall x1 |
| 8:58 | DS_VarVa · wall_segment Palisade Wall x1 |
| 9:11 | DS_VarVa · wall_segment Palisade Wall x1 |
| 9:19 | No more T1LT · age_up feudal |
| 9:31 | No more T1LT · wall_segment Palisade Wall x6 |
| 9:33 | DS_VarVa · first_building Archery Range |
| 9:38 | No more T1LT · wall_segment Palisade Wall x3 |
| 9:39 | No more T1LT · wall_segment Palisade Wall x3 |
| 9:41 | DS_VarVa · wall_segment Palisade Wall x1 |
| 9:58 | No more T1LT · first_building Archery Range |
| 13:13 | DS_VarVa · wall_segment Palisade Wall x5 |
| 16:22 | No more T1LT · resign |
[ AI ANALYSIS · 1 CREDIT ]
What really happened in this match?
Wolo.gg analyzes every decision: build order, eco, micro, common mistakes by bracket. Personalized analysis on WhatsApp or Discord in 30 seconds.
Civ guide
Georgians
Perfil
Jugador #4129359